 Dungeon Crawl Stone Soup version 0.29-a0-362-g5854e031c7 (webtiles) character file.

Game seed: 15628372478981191899

2223 spiderkeys the Fighter (level 9, -3/97 HPs)
             Began as an Ogre Abyssal Knight on Apr 29, 2022.
             Was a Priest of Lugonu.
             Slain by a bullfrog (7 damage)
             ... on level 7 of the Dungeon.
             The game lasted 00:10:25 (7522 turns).

spiderkeys the Fighter (Ogre Abyssal Knight)        Turns: 7522, Time: 00:10:25

Health: -3/97      AC:  4    Str: 19    XL:     9   Next: 35%
Magic:  14/14      EV: 11    Int: 15    God:    Lugonu [***...]
Gold:   385        SH:  0    Dex:  9    Spells: 8/8 levels left

rFire   . . .      SeeInvis .   s - +0 war axe
rCold   . . .      Faith    .   (no shield)
rNeg    + . .      Spirit   .   b - +0 robe
rPois   .          Reflect  .   (helmet restricted)
rElec   .          Harm     .   f - +0 cloak
rCorr   .          Rampage  .   (gloves unavailable)
Will    .....                   (boots unavailable)
Stlth   +.........              g - amulet of regeneration
HPRegen 1.06/turn               N - ring of positive energy
MPRegen 0.14/turn               (no ring)

@: lethally poisoned (-3 -> -4)
A: large, unfitting armour, tough skin 1, no potion heal 1
a: Renounce Religion, Depart the Abyss, Bend Space, Banish


You were on level 7 of the Dungeon.
You worshipped Lugonu.
Lugonu was most pleased with you.
You visited 1 branch of the dungeon, and saw 7 of its levels.
You visited the Abyss 1 time.

You collected 385 gold pieces.


Innate Abilities, Weirdness & Mutations

You are too large for most types of armour.
You have tough skin. (AC +1)
Potions are less effective at restoring your health.


   Skills:
 + Level 8.9 Fighting
 + Level 6.4 Axes
 + Level 5.9 Dodging
 + Level 6.8 Invocations


You had 8 spell levels left.
You didn't know any spells.
Your spell library contained the following spells:

 Spells                   Type           Power      Damage    Failure   Level
 Malign Gateway           Summ/Tloc      0%         N/A       100%        7
 Summon Horrible Things   Summ           0%         N/A       100%        8

Inventory:

Hand Weapons
 a - a +1 hand axe
 s - a +0 war axe (weapon)
   (You found it on level 3 of the Dungeon)
Missiles
 d - 195 stones
 j - 4 atropa-tipped darts
 n - 8 poisoned darts
 t - 2 boomerangs
 w - a large rock {=f}
Armour
 b - a +0 robe (worn)
 e - a +0 robe
   (You took it off an orc wizard on level 5 of the Dungeon)
 f - a +0 cloak (worn)
   (You found it on level 1 of the Dungeon)
 l - a +0 robe
   (You took it off Jessica on level 2 of the Dungeon)
 q - a +0 robe
   (You found it on level 2 of the Dungeon)
 r - a +0 robe
   (You found it on level 6 of the Dungeon)
 u - a +0 robe
   (You found it on level 5 of the Dungeon)
 z - a +0 robe
   (You took it off an orc wizard on level 5 of the Dungeon)
Magical Staves
 A - a staff of earth {!a}
   (You found it on level 6 of the Dungeon)
Jewellery
 g - an amulet of regeneration (around neck)
   (You took it off a hobgoblin on level 4 of the Dungeon)
 h - an amulet of reflection
   (You found it on level 4 of the Dungeon)
 N - a ring of positive energy (left hand)
   (You found it on level 5 of the Dungeon)
Scrolls
 i - 2 scrolls of enchant weapon
 k - 3 scrolls of noise {!r}
 m - 2 scrolls of amnesia
 o - a scroll of brand weapon
 p - 5 scrolls of fog
 x - a scroll of torment {!r}
 y - 2 scrolls of enchant armour
 B - a scroll of immolation {!r!r}
Potions
 c - a potion of flight
 v - 2 potions of curing {@q1}
 C - a potion of might
 D - a potion of haste {unknown}

Dungeon Overview and Level Annotations

Branches:
Dungeon (7/15)             Temple (0/1) D:6

Altars:
Wu Jian
Beogh

Annotations:
Abyss:1 Edmund, Grinder

####.......O .
..........# . )
#.........##
.>##....c.....# ....
..........#.. ..<
#.........# .
.....##...F)..# .
..#.......@{..#.. . .
#.######...y...# # .
#.######...#...(.. .
#.##.......##.$##. .#
##.##.####........ .##
##.....# #.#.......
..###..#.#### ..#...?...
........................
..#####.....##.##.....


You could see an ogre, a bullfrog, a centaur and a killer bee.


Message History

A killer bee comes into view.
Something hits you. 😕 HP[-2]
You take 2 damage, and now have 89/97 hp.
You hit something.
Something hits you but does no damage. 😕 HP[+1]
You miss something. You completely miss the orc.
The orc hits you with a +0 flail. Something hits you. 😕 HP[-4]
You take 4 damage, and now have 86/97 hp.
You barely miss something. You hit the orc but do no damage.
The orc closely misses you. Something hits you.
You hear some strange, mumbled words.
A puff of flame appears from out of thin air!
The puff of flame hits you. The orc barely misses you.
The killer bee stings you but does no damage. 😕 HP[-5]
You take 5 damage, and now have 81/97 hp.
You closely miss something. You miss the killer bee.
You hit the orc but do no damage. The killer bee closely misses you. x2
Something hits you. The orc hits you but does no damage.
You hit something but do no damage. You hit the orc but do no damage.
You barely miss the killer bee. The killer bee closely misses you.
The killer bee stings you. The orc hits you but does no damage.
Something hits you. 😕 HP[-2]
You take 2 damage, and now have 79/97 hp.
You hit something but do no damage. You miss the killer bee.
You barely miss the bullfrog. You barely miss the orc.
The killer bee stings you. The bullfrog hits you. The killer bee misses you.
The bullfrog misses you. The orc barely misses you.
Something hits you but does no damage. The killer bee stings you.
You are poisoned.
The killer bee poisons you! 😮 HP[-9]
You take 9 damage, and now have 70/97 hp.
You hit something. You miss the killer bee.
You hit the bullfrog but do no damage. You hit the orc.
You feel very sick.
The killer bee stings you but does no damage.
The bullfrog hits you. The orc hits you with a +0 flail.
Something hits you but does no damage. The killer bee barely misses you.
The bullfrog hits you. 😮 HP[-14]
You take 14 damage, and now have 56/97 hp.
You closely miss something. You miss the killer bee. You hit the bullfrog.
You hit the orc but do no damage.
You feel sick.
The killer bee stings you but does no damage.
The bullfrog hits you. The orc barely misses you. Something hits you.
The killer bee stings you!
* * * LOW HITPOINT WARNING * * *
The bullfrog misses you. 😨 HP[-12]
You take 12 damage, and now have 44/97 hp.
You hit something. You miss the killer bee. You hit the bullfrog.
You slash the orc!
You kill the orc!
Lugonu accepts your kill.
You feel sick.
The killer bee stings you but does no damage.
The killer bee barely misses you. Something hits you.
* * * LOW HITPOINT WARNING * * *
The bullfrog misses you. The killer bee misses you.
Something hits you but does no damage.
The centaur shoots an arrow.
The arrow hits you!
* * * LOW HITPOINT WARNING * * *
😨 HP[-15]
You take 15 damage, and now have 29/97 hp.
Unknown command.
You miss the killer bee. You slash the bullfrog! You miss something.
You feel sick. The bullfrog closely misses you. The killer bee stings you.
* * * LOW HITPOINT WARNING * * *
The centaur shoots an arrow.
The arrow hits you.
* * * LOW HITPOINT WARNING * * *
The bullfrog hits you but does no damage.
The killer bee misses you. Something hits you.
* * * LOW HITPOINT WARNING * * *
You barely miss the killer bee. You hit the bullfrog. You miss something.
You feel sick. The killer bee stings you.
* * * LOW HITPOINT WARNING * * *
The centaur shoots an arrow.
The arrow barely misses you.
The bullfrog hits you but does no damage.
The killer bee closely misses you. Something hits you.
* * * LOW HITPOINT WARNING * * *
The bullfrog barely misses you.
You hit the killer bee. You barely miss the bullfrog. You miss something.
You feel sick. The killer bee barely misses you. The killer bee stings you.
* * * LOW HITPOINT WARNING * * *
You are more poisoned.
The killer bee poisons you! The bullfrog closely misses you.
Something hits you but does no damage. The killer bee stings you!
* * * LOW HITPOINT WARNING * * *
The bullfrog barely misses you. 😱 HP[-23]
You take 23 damage, and now have 6/97 hp.
MASSIVE DAMAGE!! (PAUSE)
You slash the killer bee! You closely miss something. You hit the bullfrog.
You feel very sick. The killer bee misses you. The bullfrog hits you!
You die...

Skill      XL: |  1  2  3  4  5  6  7  8  9 |
---------------+----------------------------+-----
Invocations    | 3 4 5 6 |  6.8
Fighting       | 5 6 7 8 |  8.9
Axes           | 3 4 5 6 |  6.4
Dodging        | 3 4 5 |  5.9

Action                   |  1- 3 |  4- 6 |  7- 9 || total
-------------------------+-------+-------+-------++-------
Melee: Hand axe          |    86 |    86 |       ||   172
       Punch             |     1 |       |     2 ||     3
       War axe           |       |    38 |   334 ||   372
Throw: Dart              |       |       |     6 ||     6
       Large rock        |       |       |     4 ||     4
Invok: Banish            |       |     2 |     5 ||     7
       Bend Space        |       |       |     6 ||     6
Evoke: Wand              |       |       |     2 ||     2
  Use: Scroll            |     2 |     4 |     5 ||    11
       Potion            |       |       |    10 ||    10
 Stab: Paralysed         |       |       |     2 ||     2
Armor: Robe              |    38 |    58 |   101 ||   197
       Skin              |       |       |    41 ||    41
Dodge: Dodged            |    49 |    79 |   259 ||   387
Block: Other             |       |       |    22 ||    22

Levels and vault maps discovered:
D:1:      dpeg_arrival_rhombi, layout_loops_ring
D:2:      minmay_roachtagon, layout_basic, uniq_jessica
D:3:      layout_rooms, hellmonk_ecumenical_altar_defaced_shrine,
          lightli_corner_chamber, uniq_grinder
D:4:      layout_loops_ring
D:5:      layout_basic
D:6:      minmay_spotlight, layout_basic, pdpol_wu_jian_five_deadly_venoms,
          lemuel_temple_firewalk_b, nrook_mini_backslash, uniq_edmund
D:7:      layout_rooms, dk_yredelemnul_ordeal, old_standard_altar

Notes
Turn   | Place    | Note
-------+----------+-------------------------------------------
     0 | Abyss:1  | spiderkeys the Ogre Abyssal Knight began the quest for the
                  | Orb.
     0 | Abyss:1  | Reached XP level 1. HP: 24/24 MP: 2/2
     0 | Abyss:1  | magus.rc [v1.11.3]
    55 | D:1      | You pass through the gate.
    55 | D:1      | Escaped the Abyss
   123 | D:1      | You add the spells Malign Gateway and Summon Horrible
                  | Things to your library.
   372 | D:1      | Reached XP level 2. HP: 32/32 MP: 3/3
  1032 | D:2      | Reached XP level 3. HP: 32/40 MP: 4/4
  1196 | D:2      | Noticed Jessica
  1208 | D:2      | Killed Jessica
  1456 | D:2      | Reached XP level 4. HP: 49/49 MP: 6/6
  1840 | D:2      | Reached *** piety under Lugonu
  2195 | D:2      | Reached skill level 3 in Invocations
  2196 | D:2      | Reached skill level 5 in Fighting
  2203 | D:2      | Reached skill level 3 in Axes
  2673 | D:3      | Noticed Grinder
  2675 | D:3      | Banished Grinder
  2676 | D:3      | Reached skill level 3 in Dodging
  2676 | D:3      | Reached XP level 5. HP: 59/59 MP: 2/7
  2676 | D:3      | Reached XP level 6. HP: 67/67 MP: 2/8
  2826 | D:3      | Found a faded altar of an unknown god.
  3237 | D:4      | You fall into a shaft and drop 2 floors!
  3237 | D:6      | Noticed Edmund
  3239 | D:6      | Banished Edmund
  3240 | D:6      | Reached skill level 6 in Fighting
  3240 | D:6      | Reached skill level 4 in Axes
  3240 | D:6      | Reached skill level 4 in Invocations
  3240 | D:6      | Reached XP level 7. HP: 75/75 MP: 4/10
  3315 | D:6      | Reached skill level 4 in Dodging
  3459 | D:5      | Entered Level 5 of the Dungeon
  3657 | D:5      | HP: 17/76 [ice beast (12)]
  3658 | D:5      | Gained mutation: You are frail. (-10% HP) [potion of
                  | mutation]
  3658 | D:5      | HP: 4/68 [ice beast (12)]
  3917 | D:4      | Lost mutation: You are frail. (-10% HP) [potion of
                  | mutation]
  3917 | D:4      | Gained mutation: Potions are less effective at restoring
                  | your health. [potion of mutation]
  4020 | D:4      | HP: 15/76 [poisoned by a scorpion]
  4980 | D:4      | HP: 17/76 [poisoned by a water moccasin]
  4985 | D:4      | HP: 17/114 [poisoned by a water moccasin]
  4988 | D:4      | Reached skill level 7 in Fighting
  4988 | D:4      | Reached skill level 5 in Invocations
  4988 | D:4      | Reached XP level 8. HP: 19/87 MP: 11/11
  5751 | D:4      | Reached skill level 5 in Axes
  6164 | D:5      | Reached skill level 5 in Dodging
  6263 | D:5      | Reached skill level 8 in Fighting
  6263 | D:5      | Reached skill level 6 in Invocations
  6356 | D:6      | Reached **** piety under Lugonu
  6422 | D:6      | Reached XP level 9. HP: 77/96 MP: 13/13
  6458 | D:6      | Reached skill level 6 in Axes
  6569 | D:5      | HP: 22/97 [poisoned by a killer bee]
  6574 | D:5      | HP: 15/145 [poisoned by a killer bee]
  7014 | D:6      | HP: 24/97 [killer bee (7)]
  7021 | D:6      | HP: 16/97 [killer bee (6)]
  7026 | D:6      | HP: 11/97 [poisoned by a killer bee]
  7027 | D:6      | HP: 2/97 [killer bee (8)]
  7032 | D:6      | HP: 10/97 [poisoned by a killer bee]
  7202 | D:6      | Found an ornate altar of the Wu Jian Council.
  7259 | D:6      | Found a staircase to the Ecumenical Temple.
  7519 | D:7      | HP: 24/97 [killer bee (6)]
  7521 | D:7      | HP: 6/97 [killer bee (8)]
  7522 | D:7      | Slain by a bullfrog

Vanquished Creatures
  A water moccasin (D:4)
  2 ice beasts
  An ogre (D:6)
  A phantom (D:6)
  A bullfrog (D:6)
  7 scorpions
  4 killer bees
  A howler monkey (D:6)
  3 hounds
  A gnoll shaman (D:4)
  4 orc priests (D:5)
  A jelly (D:6)
  Jessica (D:2)
  An iguana (D:4)
  2 orc wizards (D:5)
  5 gnolls (D:4)
  7 adders
  3 shadow imps
  A white imp (D:5)
  2 worms
  A dart slug (D:5)
  17 orcs
  6 ball pythons
  6 bats
  3 endoplasms
  13 giant cockroaches (D:2)
  7 goblins
  7 hobgoblins
  5 jackals (D:2)
  5 quokkas
  3 frilled lizards
  6 kobolds
  4 rats
132 creatures vanquished.

Vanquished Creatures (others)
  An orc wizard (D:5)
1 creature vanquished.

Grand Total: 133 creatures vanquished

Table legend:
 A = Non-vault XP
 B = Vault XP
 C = Vault XP percentage of total XP
 D = Non-vault monster count
 E = Vault monster count
 F = Vault count percentage of total count
                 A         B        C        D         E       F
            +---------+---------+-------+---------+---------+-------
      Total |    2599 |     578 |  18.2 |     116 |      21 |  15.3
            +---------+---------+-------+---------+---------+-------
        D:1 |      31 |       0 |   0.0 |      20 |       0 |   0.0
        D:2 |      54 |      61 |  53.0 |      22 |      13 |  37.1
        D:3 |      54 |     299 |  84.7 |      11 |       4 |  26.7
        D:4 |     434 |       0 |   0.0 |      19 |       0 |   0.0
        D:5 |    1055 |       0 |   0.0 |      30 |       0 |   0.0
        D:6 |     965 |     218 |  18.4 |      12 |       4 |  25.0
        D:7 |       6 |       0 |   0.0 |       2 |       0 |   0.0
            +---------+---------+-------+---------+---------+-------

Illustrated notes

Table legend:
 A = Kills in this place as a percentage of kills in entire the game.
 B = Kills by you in this place as a percentage of kills by you in the entire game.
 C = Kills by friends in this place as a percentage of kills by friends in the entire game.
 D = Other kills in this place as a percentage of other kills in the entire game.
 E = Experience gained in this place as a percentage of experience gained in the entire game.
 F = Experience gained in this place divided by the number of levels of this place that you have seen.
                   A       B       C       D       E      F
               +-------+-------+-------+-------+-------+----------------------
         Total | 100.0 | 100.0 |   N/A | 100.0 | 100.0 | 397.1
       Dungeon | 100.0 | 100.0 |   N/A | 100.0 | 100.0 | 453.9
               +-------+-------+-------+-------+-------+----------------------

Table legend: (Time is in decaauts)
 A = Elapsed time spent in this place.
 B = Non-inter-level travel time spent in this place.
 C = Inter-level travel time spent in this place.
 D = Time resting spent in this place.
 E = Time spent auto-exploring this place.
 F = Levels seen in this place.
 G = Mean time per level.
                   A        B        C        D        E       F      G
               +--------+--------+--------+--------+--------+-----+--------+
         Total |   7655 |   7182 |    473 |   1693 |   4189 |   8 |  956.9 |
       Dungeon |   7600 |   7127 |    473 |   1693 |   4162 |   7 | 1085.7 |
         Abyss |     55 |     55 |      0 |      0 |     27 |   1 |   55.0 |
               +--------+--------+--------+--------+--------+-----+--------+

Top non-repeatable levels by time:
     D:4: 2124 daAuts
     D:2: 1376 daAuts
     D:6: 1252 daAuts
     D:5: 1039 daAuts
     D:1: 1032 daAuts
     D:3: 722 daAuts
 Abyss:1: 55 daAuts
     D:7: 53 daAuts
